 Dungeon Crawl Stone Soup version 0.31.0-4-g52a2dc7128 (webtiles) character file.

Game seed: 16982814221974909351

9823 zikada the Skirmisher (level 11, 72/72 HPs)
             Began as a Kobold Hunter on Jan 22, 2024.
             Was a Follower of Uskayaw.
             Quit the game on level 6 of the Dungeon on Jan 23, 2024.
             The game lasted 03:03:13 (10686 turns).

zikada the Skirmisher (Kobold Hunter)              Turns: 10686, Time: 03:03:13

Health: 72/72      AC:  9    Str:  9    XL:     11   Next: 81%
Magic:  17/17      EV: 29    Int: 10    God:    Uskayaw [*.....]
Gold:   11         SH:  0    Dex: 26    Spells: 12/12 levels left

rFire   . . .        a - +1 shortbow (flame)
rCold   . . .        (shield currently unavailable)
rNeg    . . .        A - +1 steam dragon scales
rPois   .            k - +0 helmet "Ubonaoh" {Slay+5}
rElec   .            F - +0 cloak
rCorr   +            (no gloves)
SInv    .            o - +0 pair of boots
Will    .....        I - amulet "Depnibb" {Regen+ rCorr Dex+3}
Stlth   ++++         i - +4 ring of slaying
HPRegen 1.12/turn    z - +5 ring of evasion
MPRegen 0.15/turn

%: no passive effects
@: studying Fire Magic
A: small, no large weapons, nightstalker 3
a: Renounce Religion, Stomp


You were on level 6 of the Dungeon.
You worshipped Uskayaw.
Uskayaw was aware of your devotion.
You visited 2 branches of the dungeon, and saw 11 of its levels.
You visited the Abyss 1 time.

You collected 687 gold pieces.
You spent 676 gold pieces at shops.

Inventory:

Hand Weapons
 a - a +1 shortbow of flaming (weapon)
 b - the +4 dagger of the Jocular God {freeze, rF+ rCorr}
   (You found it on level 6 of the Dungeon)

   rF+:       It protects you from fire.
   rCorr:     It protects you from acid and corrosion.
 c - a +3 dagger
 d - a +2 dagger of electrocution
Missiles
 g - 4 atropa-tipped darts
 l - 2 throwing nets
 n - 19 poisoned darts (quivered)
 x - 3 boomerangs
 C - 5 darts of dispersal
Armour
 k - the +0 helmet "Ubonaoh" (worn) {Slay+5}
   (You found it on level 2 of the Dungeon)

   Slay+5:    It affects your accuracy & damage with ranged weapons and melee
   (+5).
 o - a +0 pair of boots (worn)
 s - a +1 leather armour
 A - +1 steam dragon scales (worn)
 B - an orb of light
 E - a +1 robe of positive energy
 F - a +0 cloak (worn)
 J - a +2 buckler
Jewellery
 i - a +4 ring of slaying (left hand)
 z - a +5 ring of evasion (right hand)
 H - a ring of poison resistance
 I - the amulet "Depnibb" (around neck) {Regen+ rCorr Dex+3}
   (You took it off a gnoll on level 7 of the Dungeon)

   [amulet of regeneration]

   Dex+3:     It affects your dexterity (+3).
   Regen+:    It increases your rate of health regeneration.
   rCorr:     It protects you from acid and corrosion.
 K - a +4 ring of protection
Wands
 t - a wand of charming (9)
 v - a wand of roots (24)
 D - a wand of polymorph (26)
 G - a wand of flame (5)
 N - a wand of light (1)
Scrolls
 e - 4 scrolls of teleportation
 f - 3 scrolls of vulnerability
 h - 5 scrolls of identify
 w - a scroll of fog
 y - 2 scrolls of fear
 L - a scroll of butterflies
 M - a scroll of immolation
 O - a scroll of acquirement
Potions
 j - 4 potions of curing
 m - a potion of resistance
 p - a potion of invisibility
 q - a potion of enlightenment
 r - a potion of haste
 u - 3 potions of lignification


   Skills:
 + Level 10.0 Fighting
 + Level 13.7 Ranged Weapons
 - Level 1.0 Armour
 + Level 9.5 Dodging
 + Level 2.6 Stealth
 - Level 1.0 Spellcasting
 + Level 1.6 Fire Magic
 * Level 8.7 Invocations
 * Level 3.4 Evocations


You had 12 spell levels left.
You didn't know any spells.
Your spell library contained the following spells:

 Spells                   Type           Power      Damage    Failure   Level
 Foxfire                  Conj/Fire      8%         2x1d4     26%         1
 Cause Fear               Hex            0%         N/A       98%         4
 Fireball                 Conj/Fire      1%         3d3       100%        5
 Plasma Beam              Fire/Air       1%         2x1d11    100%        6
 Starburst                Conj/Fire      1%         6d3       100%        6
 Dragon's Call            Summ           0%         N/A       100%        9


Dungeon Overview and Level Annotations

Branches:
Dungeon (10/15)            Temple (1/1) D:5
   Lair: D:8-11         Orc: D:9-12

Altars:
Ashenzari
Cheibriados
Dithmenos
Elyvilon
Fedhas
Gozag
Hepliaklqana
Kikubaaqudgha
Makhleb
Nemelex Xobeh
Okawaru
Qazlal
Ru
Sif Muna
Trog
Uskayaw
Vehumet
Wu Jian
Xom
Yredelemnul
Zin
The Shining One

Shops:
D:2 [   D:6 ?

Annotations:
D:6 THE SERVER CRASHED. YESTERDAY I ACQUIRED GOOD RANDART BOW. IT'S GONE. FUCK!
D:9 exclusion: skeletal warrior


Innate Abilities, Weirdness & Mutations

You are small and have problems with some larger weapons.
You are completely attuned to the shadows.


Message History

Unknown command.
You shoot an arrow. The arrow hits the orc!
The arrow burns the orc.
You kill the orc!
Unknown command.
Unknown command.
Things that are here:
a +0 mace; a +0 plate armour
Found a stone staircase leading up.
You now have enough gold to buy a scroll of acquirement on D:6.
You can access your shopping list by pressing '$'.
You now have 687 gold pieces (gained 16).
There is a stone staircase leading up here.
You climb upwards.
Level annotation: exclusion: skeletal warrior
There is a stone staircase leading down here.
You see here a +0 orcbow.
Things that are here:
a +0 robe; a +3 hand axe
There is a stone staircase leading up here.
You climb upwards.
There is a stone staircase leading down here.
Things that are here:
a +0 robe; a +0 flail
There is a stone staircase leading up here.
You climb upwards.
There is a stone staircase leading down here.
There is a stone staircase leading up here.
Things that are here:
a +0 robe; a +0 halberd You climb upwards.
There is a stone staircase leading down here.
There is an entrance to Xut Idu's Magic Scroll Shoppe here.
O - a scroll of acquirement Thank you for shopping at Xut Idu's Magic Scroll Shoppe!
Welcome back, zikada the Kobold Hunter.
Uskayaw says: Surrender yourself to the rhythm!
Press ? for a list of commands and other information.
Annotate which branch? (. - D:6, ? - help, ! - show branch list) New annotation for D:6 (include '!' for warning): THE SERVER CRASHED.
YESTERDAY I ACQUIRED GOOD RANDART BOW.
IT'S GONE.
FUCK!
Are you sure you want to abandon this character and quit the game? (Confirm with "yes".)

#####.######.### #[#.#
#####.#####..# #.#.#
#####.#####.########.#.######
...........>................###
#####..........#####.####.....###
#................# ###......
#........#.#####.########.###
#......).#.#...#............:
#.##.#...#.#@#.#.#.######.###
####.#...#.#∩#.#.#.# #.###
#....#...#.###.#...# #..#.
#.######.#.....#..## ##.#. #.####
#.#######.## #.#. #....#
#.........# #.#.
####.####..###############...
#.....................)...
#########################.


There were no monsters in sight!

Vanquished Creatures
  Erolcha (D:9)
  Erica (D:9)
  The ghost of confidenceinterval the Basher, a journeyman GrFi of Gozag (D:7)
  A two-headed ogre (D:10)
  Pikel (D:9)
  A cyclops (D:7)
  A kobold demonologist (D:6)
  A raiju (Abyss:2)
  Prince Ribbit (D:8)
  5 yaks (D:10)
  A wyvern (D:9)
  A steam dragon (D:8)
  An acid dragon (D:9)
  2 water moccasins (D:7)
  Duvessa (D:4)
  A sky beast (D:7)
  3 orc warriors
  A laughing skull (D:9)
  3 phantoms
  An ogre (D:6)
  3 centaurs
  A kobold brigand (D:9)
  3 lemures (D:9)
  3 bullfrogs
  6 gnoll sergeants
  A scorpion (D:4)
  14 wights
  Dowan (D:4)
  19 killer bees
  2 howler monkeys (D:6)
  A centaur zombie (D:8)
  3 gnoll boudas
  3 bombardier beetles (D:5)
  3 hounds
  3 orc priests
  3 jellies
  5 iguanas
  An orc wizard (D:4)
  A howler monkey zombie (D:8)
  31 gnolls
  13 adders
  2 white imps
  A dart slug (D:3)
  3 ribbon worms
  17 orcs
  10 endoplasms
  6 giant cockroaches
  9 goblins
  7 hobgoblins
  A jackal (D:3)
  3 quokkas
  12 ball pythons
  5 bats
  7 frilled lizards
  21 kobolds
  4 rats
257 creatures vanquished.

Notes
Turn   | Place    | Note
-------+----------+-------------------------------------------
     0 | D:1      | zikada the Kobold Hunter began the quest for the Orb.
     0 | D:1      | Reached XP level 1. HP: 12/12 MP: 1/1
    93 | D:1      | Reached XP level 2. HP: 17/17 MP: 2/2
   230 | D:1      | Reached skill level 6 in Ranged Weapons
   311 | D:1      | Found a faded altar of an unknown god.
   377 | D:1      | Reached XP level 3. HP: 21/21 MP: 3/3
  1017 | D:2      | Identified the +0 helmet "Ubonaoh" {Slay+5}
  1291 | D:2      | Found Kisacynwo's Armour Shop.
  1632 | D:3      | Reached XP level 4. HP: 25/27 MP: 4/4
  2137 | D:3      | Reached skill level 7 in Ranged Weapons
  2138 | D:3      | Reached XP level 5. HP: 32/32 MP: 5/5
  2437 | D:3      | Reached skill level 1 in Armour
  2734 | D:3      | Reached XP level 6. HP: 37/37 MP: 6/6
  2745 | D:3      | Reached skill level 8 in Ranged Weapons
  2858 | D:3      | Found a hide-covered altar of Uskayaw.
  2942 | D:3      | Became a worshipper of Uskayaw the Reveller
  2968 | D:4      | Reached * piety under Uskayaw
  3040 | D:4      | Reached ** piety under Uskayaw
  3320 | D:4      | Noticed Duvessa
  3382 | D:4      | Reached skill level 1 in Evocations
  3463 | D:4      | Killed Duvessa
  3464 | D:4      | Reached skill level 1 in Invocations
  3464 | D:4      | Reached XP level 7. HP: 27/43 MP: 0/7
  3616 | D:4      | Found a sparkling altar of Nemelex Xobeh.
  3620 | D:4      | Noticed Dowan
  3630 | D:4      | Killed Dowan
  3905 | D:4      | Found a blossoming altar of Fedhas.
  3931 | D:5      | Entered Level 5 of the Dungeon
  4008 | D:5      | Found a staircase to the Ecumenical Temple.
  4014 | Temple   | Entered the Ecumenical Temple
  4037 | D:5      | Reached *** piety under Uskayaw
  4039 | D:5      | Reached **** piety under Uskayaw
  4177 | D:5      | Reached skill level 9 in Ranged Weapons
  4238 | D:5      | Reached skill level 5 in Fighting
  4238 | D:5      | Reached XP level 8. HP: 49/49 MP: 9/9
  4770 | D:6      | Identified the +4 dagger of the Jocular God {freeze, rF+
                  | rCorr}
  4861 | D:6      | Reached skill level 10 in Ranged Weapons
  5110 | D:6      | Reached skill level 5 in Dodging
  5110 | D:6      | Reached XP level 9. HP: 54/56 MP: 11/11
  5443 | D:6      | Found Xut Idu's Magic Scroll Shoppe.
  5834 | D:7      | Reached skill level 11 in Ranged Weapons
  5946 | D:7      | Identified the +0 scale mail of the Ego {-Tele rN+ Regen+
                  | rCorr}
  5996 | D:7      | Noticed a cyclops
  6049 | D:7      | Reached ***** piety under Uskayaw
  6128 | D:7      | Found a transporter.
  6247 | D:7      | Found a transporter.
  6251 | D:7      | Identified the amulet "Depnibb" {Regen+ rCorr Dex+3}
  6745 | D:6      | Found a glowing silver altar of Zin.
  6745 | D:6      | Found a stormy altar of Qazlal.
  6748 | D:6      | Found an opulent altar of Gozag.
  6749 | D:6      | Found a snail-covered altar of Cheibriados.
  6820 | D:6      | Noticed a kobold demonologist
  6828 | D:6      | Noticed a sun demon
  6829 | D:6      | Noticed an orange demon
  6835 | D:6      | Killed a kobold demonologist
  6836 | D:6      | Reached XP level 10. HP: 60/64 MP: 13/13
  6941 | D:8      | Reached skill level 5 in Invocations
  6963 | D:8      | Reached skill level 12 in Ranged Weapons
  7204 | D:8      | Identified the +5 war axe of Videz {antimagic, ^Contam rC++
                  | Will+++ Str-2}
  7310 | D:8      | Found a white marble altar of Elyvilon.
  7474 | D:8      | Noticed Prince Ribbit
  7476 | D:8      | Killed Prince Ribbit
  7886 | D:8      | Found a basalt altar of Yredelemnul.
  8009 | D:8      | Found a hazy altar of Hepliaklqana.
  8010 | D:8      | Found a shimmering altar of Xom.
  8012 | D:8      | Noticed a spectral ugly thing
  8311 | D:9      | Noticed Erolcha
  8311 | Abyss:2  | Cast into level 2 of the Abyss (Erolcha)
  8356 | Abyss:2  | Noticed a large abomination
  8460 | Abyss:2  | Noticed a green draconian monk
  8497 | D:9      | Escaped the Abyss
  8503 | D:9      | Killed Erolcha
  8504 | D:9      | Reached skill level 13 in Ranged Weapons
  8516 | D:9      | Reached XP level 11. HP: 61/71 MP: 13/16
  8573 | D:9      | Noticed Pikel
  8578 | D:9      | Killed Pikel
  8579 | D:9      | Reached ****** piety under Uskayaw
  9037 | D:9      | Found an iron altar of Okawaru.
  9224 | D:9      | Noticed Erica
  9238 | D:9      | Killed Erica
  9518 | D:9      | Noticed a skeletal warrior
  9656 | D:7      | Noticed confidenceinterval's ghost (journeyman GrFi)
  9693 | D:7      | Killed confidenceinterval's ghost
  9880 | D:7      | Killed a cyclops
 10315 | D:10     | Entered Level 10 of the Dungeon
 10332 | D:10     | Reached skill level 10 in Fighting
 10334 | D:10     | Reached skill level 1 in Fire Magic
 10519 | D:10     | Noticed a two-headed ogre
 10525 | D:10     | Killed a two-headed ogre
 10526 | D:10     | Reached skill level 1 in Spellcasting
 10685 | D:6      | Bought a scroll of acquirement for 676 gold pieces
 10686 | D:6      | Quit the game

Illustrated notes

Levels and vault maps discovered:
D:1:      eino_arrival_tree_alley, layout_loops_ring,
          hellmonk_ecumenical_altar_heavens_door
D:2:      layout_loops_ring, serial_shops, nicolae_lakefront_shop
D:3:      minmay_razor_zed, layout_loops_cross, lemuel_tele_altar,
          minmay_checkerbox
D:4:      layout_loops_ring, mainiacjoe_overflow_surrounded_room,
          nemelex_spade_bored_becter, uniq_duvessa
D:5:      layout_loops_cross, minmay_temple_entry_arrows
D:6:      layout_basic, nicolae_overflow_hidden_temple, serial_shops,
          nicolae_shop_rolled_up
D:7:      layout_loops_ring, gammafunk_ghost_gnarly_gnolls
D:8:      layout_cave_pods, regret_index_temple_of_mockery,
          lemuel_zombie_altar_yredelemnul, lemuel_crystal_altar,
          minmay_misc_feat_tower, uniq_prince_ribbit1
D:9:      layout_loops_ring, okawaru_metal_pillars_1_2, wad_mini_maze,
          uniq_erica, uniq_pikel, uniq_erolcha
D:10:     layout_rooms, kennysheep_generic_room_4
Temple:   jpeg_temple_alley_garden

Skill      XL: |  1  2  3  4  5  6  7  8  9 10 11 |
---------------+----------------------------------+-----
Ranged Weapons | 6 7 8 9 10 11 13 | 13.7
Fighting       | 3 4 5 6 8 9 10 | 10.0
Armour         | 1 |  1.0
Stealth        | 2 |  2.6
Dodging        | 3 5 6 7 9 |  9.5
Evocations     | 1 2 3 |  3.4
Invocations    | 1 2 3 4 7 8 |  8.7
Fire Magic     | 1 |  1.6
Spellcasting   | 1 |  1.0

Action                     |  1- 3 |  4- 6 |  7- 9 | 10-12 || total
---------------------------+-------+-------+-------+-------++-------
  Melee: Unarmed           |       |     9 |       |       ||     9
         Dagger            |       |       |       |    28 ||    28
   Fire: Shortbow          |    96 |   100 |   152 |   270 ||   618
  Throw: Throwing net      |       |       |       |     1 ||     1
 Invoke: Stomp             |       |     2 |     1 |     2 ||     5
    Use: Scroll            |     7 |     7 |     4 |     5 ||    23
         Potion            |       |     1 |     1 |     3 ||     5
   Stab: Paralysed         |       |       |       |     2 ||     2
 Armour: Leather armour    |    11 |    19 |    15 |    14 ||    59
         Skin              |       |     3 |       |       ||     3
         Steam dragon scal |       |       |       |    35 ||    35
  Dodge: Dodged            |    26 |    29 |    36 |   157 ||   248
